 Dungeon Crawl Stone Soup version 0.27.0-1-g7a089689b8 (webtiles) character file.

Game seed: 16055420889123096446

4473 inmateoo the Martial Artist (level 10, -3/114 HPs)
             Began as a Gnoll Transmuter on Aug 2, 2021.
             Slain by a two-headed ogre (13 damage)
             ... on level 7 of the Dungeon.
             The game lasted 00:07:40 (6871 turns).

inmateoo the Martial Artist (Gnoll Transmuter)      Turns: 6871, Time: 00:07:40

Health: -3/114     AC: 25    Str: 15    XL:     10   Next: 38%
Magic:  20/21      EV:  2    Int: 15    God:
Gold:   270        SH:  0    Dex: 14    Spells: 13/23 levels left

rFire    . . .     SeeInvis .     - Unarmed
rCold    . . .     Faith    .   (no shield)
rNeg     + + +     Spirit   .   (armour currently unavailable)
rPois    +         Reflect  .   (helmet currently unavailable)
rElec    .         Harm     .   (cloak currently unavailable)
rCorr    .         Rampage  .   (gloves currently unavailable)
Will     .....     NoTele   +   (boots currently unavailable)
Stlth    +++.......             (no amulet)
HPRegen  0.29/turn              i - +6 ring of strength
MPRegen  0.17/turn              (no ring)

@: tree-form
A: stationary, stasis, torment immunity, boosted hp, (fangs 1), strong nose,
distributed training
a: no special abilities


You were on level 7 of the Dungeon.
You were a tree.
You visited 2 branches of the dungeon, and saw 8 of its levels.

You collected 270 gold pieces.

Inventory:

Missiles
 k - 2 javelins
Armour
 b - a +0 pair of gloves (melded)
 c - a +0 helmet (melded)
 h - a +1 cloak (melded)
 r - a +0 troll leather armour (melded)
Jewellery
 i - a +6 ring of strength (left branch)
Wands
 g - a wand of acid (5)
 j - a wand of digging (5)
 n - a wand of polymorph (3)
 q - a wand of flame (12)
Scrolls
 a - 2 scrolls of identify
 e - a scroll of teleportation
Potions
 d - a potion of haste
 l - a potion of curing
 m - a potion of mutation
 o - 3 potions of heal wounds {unknown}


   Skills:
 + Level 5.9 Fighting
 + Level 5.2 Short Blades
 + Level 5.2 Long Blades
 + Level 5.2 Axes
 + Level 5.2 Maces & Flails
 + Level 5.2 Polearms
 + Level 5.2 Staves
 + Level 5.2 Slings
 + Level 5.2 Bows
 + Level 5.2 Crossbows
 + Level 5.2 Throwing
 + Level 5.2 Armour
 + Level 7.0 Dodging
 + Level 5.2 Stealth
 + Level 5.2 Shields
 + Level 8.5 Unarmed Combat
 + Level 7.3 Spellcasting
 + Level 4.3 Conjurations
 + Level 4.3 Hexes
 + Level 4.3 Summonings
 + Level 4.3 Necromancy
 + Level 4.3 Translocations
 + Level 5.8 Transmutations
 + Level 4.3 Fire Magic
 + Level 4.3 Ice Magic
 + Level 4.3 Air Magic
 + Level 4.3 Earth Magic
 + Level 4.3 Poison Magic
 + Level 5.7 Invocations
 + Level 5.2 Evocations


You had 13 spell levels left.
You knew the following spells:

 Your Spells              Type           Power      Damage    Failure   Level
a - Beastly Appendage     Tmut           46%        N/A       1%          1
b - Wereblood             Tmut           23%        N/A       1%          2
c - Spider Form           Tmut/Pois      10%        N/A       4%          3
d - Ice Form              Ice/Tmut       20%        N/A       16%         4

Your spell library contained the following spells:

 Spells                   Type           Power      Damage    Failure   Level
 Magic Dart               Conj           72%        1d6       2%          1
 Shock                    Conj/Air       72%        1d7       2%          1
 Searing Ray              Conj           36%        3d4       3%          2
 Call Canine Familiar     Summ           18%        N/A       7%          3
 Ozocubu's Armour         Ice            18%        N/A       7%          3
 Portal Projectile        Hex/Tloc       36%        N/A       7%          3
 Swiftness                Air            18%        N/A       7%          3
 Airstrike                Air            9%         N/A       22%         4
 Animate Dead             Necr           9%         N/A       22%         4
 Fulminant Prism          Conj/Hex       9%         3d7       22%         4
 Leda's Liquefaction      Hex/Erth       9%         N/A       22%         4
 Haunt                    Necr/Summ      9%         N/A       100%        7
 Ozocubu's Refrigeration  Ice            9%         4d6       100%        7
 Infestation              Necr           9%         N/A       100%        8


Dungeon Overview and Level Annotations

Branches:
Dungeon (7/15)             Temple (1/1) D:4

Altars:
Ashenzari
Elyvilon
Fedhas
Gozag
Okawaru
Qazlal
Uskayaw
Vehumet
Wu Jian
Xom
Yredelemnul
Zin
The Shining One
Jiyva


Innate Abilities, Weirdness & Mutations

You are a tree.
Your roots penetrate the ground, keeping you stationary.
You cannot be teleported.
You are immune to unholy pain and torment.
Your maximum health is greatly increased.
Your equipment is partially melded.
((You have very sharp teeth.))
Your uncanny sense of smell can sniff out nearby items.
Your experience applies equally to all skills.


Message History

Your +0 troll leather armour melds into your body.
Your roots penetrate the ground.
Joseph hits you but does no damage.
You hit Joseph.
Joseph is moderately wounded.
Joseph hits you but does no damage.
You smack Joseph!
Joseph is heavily wounded.
A two-headed ogre comes into view.
It is wielding a +0 giant club and a +0 giant spiked club.
Joseph hits you but does no damage.
The two-headed ogre shouts in stereo!
You smack Joseph!
Joseph is severely wounded.
You smack Joseph!
Joseph is almost dead.
Joseph hits you but does no damage.
You hit Joseph.
Joseph is almost dead.
Joseph hits you but does no damage.
You barely miss Joseph.
Joseph is almost dead.
Joseph hits you but does no damage.
You hit Joseph.
Joseph is almost dead.
You kill Joseph!
Your Dodging skill increases to level 7!
You smack the two-headed ogre!
The two-headed ogre is moderately wounded.
The two-headed ogre hits you with a +0 giant club.
* * * LOW HITPOINT WARNING * * *
The two-headed ogre hits you but does no damage.
You smack the two-headed ogre!
The two-headed ogre is moderately wounded.
You smack the two-headed ogre!
Your punch misses the two-headed ogre.
The two-headed ogre is heavily wounded.
The two-headed ogre hits you but does no damage.
The two-headed ogre hits you with a +0 giant spiked club!
* * * LOW HITPOINT WARNING * * *
You feel better.
The two-headed ogre hits you with a +0 giant club!
You die...

............#.....
............##..##..##..
............. .........
............ .........
........########........
.......................
......#.............####
......#.................
###...#.........♣O.(....
..#....###^...##........
.......# #....##........
.......# #....######.......#
.......###...###...........##
.....#.......###............##
.....#.##.....##.....#........
.....#.#......................
.......#......................


You could see a two-headed ogre.

Vanquished Creatures
  A hydra (D:6)
  Joseph (D:7)
  A troll (D:6)
  Sigmund (D:5)
  3 water moccasins
  Duvessa (D:4)
  2 sky beasts
  An ice beast (D:5)
  3 black bears
  2 ogres (D:5)
  3 necrophages (D:4)
  A centaur (D:6)
  2 phantoms
  Blork the orc (D:6)
  A bullfrog (D:7)
  2 scorpions (D:5)
  Dowan (D:4)
  A gnoll sergeant (D:7)
  A wyvern skeleton (D:6)
  2 water moccasin skeletons (D:4)
  A wight (D:7)
  4 electric eels (D:6)
  2 centaur skeletons
  2 hounds
  A jelly (D:7)
  A bullfrog zombie (D:4)
  A human zombie (D:4)
  Crazy Yiuf (D:4)
  2 bullfrog skeletons
  3 iguanas
  4 scorpion zombies
  Ijyb (D:4)
  2 orc wizards
  A killer bee zombie (D:7)
  A hound skeleton (D:5)
  A mummy (D:4)
  7 gnolls (D:7)
  3 adders
  A howler monkey skeleton (D:5)
  2 white imps
  An ufetubus (D:4)
  2 adder zombies (D:4)
  An adder skeleton (D:4)
  3 worms
  4 dart slugs
  3 orcs (D:6)
  5 ball pythons
  6 endoplasms
  2 giant cockroaches
  A goblin (D:4)
  4 hobgoblins
  14 jackals
  6 quokkas
  4 bats
  2 frilled lizards (D:3)
  6 kobolds
  A quokka zombie (D:4)
  6 rats
143 creatures vanquished.

Vanquished Creatures (others)
  11 plants (D:6)
11 creatures vanquished.

Grand Total: 154 creatures vanquished

Notes
Turn   | Place    | Note
-------+----------+-------------------------------------------
     0 | D:1      | inmateoo the Gnoll Transmuter began the quest for the Orb.
     0 | D:1      | Reached XP level 1. HP: 17/17 MP: 6/6
   152 | D:1      | Reached XP level 2. HP: 21/23 MP: 5/7
   558 | D:2      | Reached skill level 5 in Spellcasting
   558 | D:2      | Reached XP level 3. HP: 18/28 MP: 6/9
   573 | D:2      | Learned a level 2 spell: Wereblood
   577 | D:2      | Learned a level 3 spell: Spider Form
   737 | D:2      | Reached skill level 1 in Invocations
   880 | D:2      | Found an opulent altar of Gozag.
   977 | D:2      | Found a faded altar of an unknown god.
  1264 | D:3      | Reached skill level 1 in Short Blades
  1264 | D:3      | Reached skill level 1 in Long Blades
  1264 | D:3      | Reached skill level 1 in Axes
  1264 | D:3      | Reached skill level 1 in Maces & Flails
  1264 | D:3      | Reached skill level 1 in Polearms
  1264 | D:3      | Reached skill level 1 in Staves
  1264 | D:3      | Reached skill level 1 in Slings
  1264 | D:3      | Reached skill level 1 in Bows
  1264 | D:3      | Reached skill level 1 in Crossbows
  1264 | D:3      | Reached skill level 1 in Throwing
  1264 | D:3      | Reached skill level 1 in Armour
  1264 | D:3      | Reached skill level 1 in Stealth
  1264 | D:3      | Reached skill level 1 in Shields
  1264 | D:3      | Reached skill level 1 in Evocations
  1301 | D:3      | Reached XP level 4. HP: 19/34 MP: 11/11
  1777 | D:3      | Found a blossoming altar of Fedhas.
  1924 | D:4      | Reached skill level 1 in Conjurations
  1924 | D:4      | Reached skill level 1 in Hexes
  1924 | D:4      | Reached skill level 1 in Summonings
  1924 | D:4      | Reached skill level 1 in Necromancy
  1924 | D:4      | Reached skill level 1 in Translocations
  1924 | D:4      | Reached skill level 1 in Fire Magic
  1924 | D:4      | Reached skill level 1 in Ice Magic
  1924 | D:4      | Reached skill level 1 in Air Magic
  1924 | D:4      | Reached skill level 1 in Earth Magic
  1924 | D:4      | Reached skill level 1 in Poison Magic
  2148 | D:4      | Found a staircase to the Ecumenical Temple.
  2187 | Temple   | Entered the Ecumenical Temple
  2382 | D:4      | Reached XP level 5. HP: 40/40 MP: 10/12
  2386 | D:4      | Noticed Ijyb
  2388 | D:4      | Noticed Duvessa
  2398 | D:4      | Killed Ijyb
  2402 | D:4      | Noticed Dowan
  2406 | D:4      | Killed Duvessa
  2407 | D:4      | Reached XP level 6. HP: 40/47 MP: 7/13
  2613 | D:4      | Killed Dowan
  2614 | D:4      | Reached skill level 5 in Dodging
  3017 | D:4      | Reached XP level 7. HP: 44/52 MP: 13/15
  3091 | D:4      | Reached skill level 7 in Unarmed Combat
  3237 | D:4      | Found a runed translucent door.
  3241 | D:4      | Identified the +10 mace of the Shouting Madman {elec, *Slow
                  | +Rage rN+}
  3246 | D:4      | Noticed Crazy Yiuf
  3256 | D:4      | Killed Crazy Yiuf
  3623 | D:4      | Reached XP level 8. HP: 58/60 MP: 16/16
  3878 | D:4      | Found a basalt altar of Yredelemnul.
  4041 | D:5      | Entered Level 5 of the Dungeon
  4041 | D:5      | Found an iron altar of Okawaru.
  4080 | D:5      | Learned a level 4 spell: Ice Form
  4289 | D:5      | Noticed Sigmund
  4305 | D:5      | Killed Sigmund
  4551 | D:5      | Reached XP level 9. HP: 66/66 MP: 13/18
  4560 | D:5      | Reached skill level 5 in Transmutations
  4832 | D:5      | Found a glowing silver altar of Zin.
  5178 | D:6      | Noticed Blork the orc
  5181 | D:6      | Noticed a four-headed hydra
  5194 | D:6      | Killed a four-headed hydra
  5195 | D:6      | Reached skill level 5 in Fighting
  5195 | D:6      | Reached skill level 8 in Unarmed Combat
  5195 | D:6      | Reached skill level 5 in Invocations
  5200 | D:6      | Killed Blork the orc
  6086 | D:6      | Noticed a troll
  6095 | D:6      | Killed a troll
  6096 | D:6      | Reached XP level 10. HP: 51/74 MP: 17/20
  6481 | D:6      | Reached skill level 5 in Short Blades
  6481 | D:6      | Reached skill level 5 in Long Blades
  6481 | D:6      | Reached skill level 5 in Axes
  6481 | D:6      | Reached skill level 5 in Maces & Flails
  6481 | D:6      | Reached skill level 5 in Polearms
  6481 | D:6      | Reached skill level 5 in Staves
  6481 | D:6      | Reached skill level 5 in Slings
  6481 | D:6      | Reached skill level 5 in Bows
  6481 | D:6      | Reached skill level 5 in Crossbows
  6481 | D:6      | Reached skill level 5 in Throwing
  6481 | D:6      | Reached skill level 5 in Armour
  6481 | D:6      | Reached skill level 5 in Stealth
  6481 | D:6      | Reached skill level 5 in Shields
  6481 | D:6      | Reached skill level 5 in Evocations
  6845 | D:7      | Noticed Joseph
  6860 | D:7      | Noticed a two-headed ogre
  6865 | D:7      | Killed Joseph
  6870 | D:7      | HP: 2/114 [two-headed ogre (15)]
  6871 | D:7      | Slain by a two-headed ogre

Illustrated notes

Levels and vault maps discovered:
D:1:      dpeg_arrival_rooms_a, layout_rooms
D:2:      layout_basic, basic_altar, shapermc_ecumenical_altar_flowoftime,
          roderic_cross_of_infinity, st_stairs_14
D:3:      layout_rooms, mainiacjoe_overflow_catwalk, grunt_decor_one_mirror,
          minmay_misc_feat_doors
D:4:      minmay_octagon_keep, layout_basic, lemuel_mausoleum_altar_yredelemnul,
          minmay_temple_entry_trees, uniq_ijyb, uniq_duvessa,
          uniq_crazy_yiuf_cottage
D:5:      layout_basic, okawaru_ov_weapons_minmay, mainiacjoe_overflow_alcove_1,
          uniq_sigmund
D:6:      layout_loops_ring, serial_bayou_lake_a, uniq_blork_the_orc
D:7:      layout_basic, gammafunk_ghost_icy, st_stairs_5, uniq_harold,
          uniq_joseph
Temple:   pf_slimified_temple

Skill      XL: |  1  2  3  4  5  6  7  8  9 10 |
---------------+-------------------------------+-----
Spellcasting   | 5 6 7 |  7.3
Invocations    | 1 2 3 4 5 |  5.7
Short Blades   | 1 2 3 4 5 |  5.2
Long Blades    | 1 2 3 4 5 |  5.2
Axes           | 1 2 3 4 5 |  5.2
Maces & Flails | 1 2 3 4 5 |  5.2
Polearms       | 1 2 3 4 5 |  5.2
Staves         | 1 2 3 4 5 |  5.2
Slings         | 1 2 3 4 5 |  5.2
Bows           | 1 2 3 4 5 |  5.2
Crossbows      | 1 2 3 4 5 |  5.2
Throwing       | 1 2 3 4 5 |  5.2
Armour         | 1 2 3 4 5 |  5.2
Stealth        | 1 2 3 4 5 |  5.2
Shields        | 1 2 3 4 5 |  5.2
Evocations     | 1 2 3 4 5 |  5.2
Conjurations   | 1 2 3 4 |  4.3
Hexes          | 1 2 3 4 |  4.3
Summonings     | 1 2 3 4 |  4.3
Necromancy     | 1 2 3 4 |  4.3
Translocations | 1 2 3 4 |  4.3
Fire Magic     | 1 2 3 4 |  4.3
Ice Magic      | 1 2 3 4 |  4.3
Air Magic      | 1 2 3 4 |  4.3
Earth Magic    | 1 2 3 4 |  4.3
Poison Magic   | 1 2 3 4 |  4.3
Fighting       | 3 4 5 |  5.9
Transmutations | 4 5 |  5.8
Dodging        | 5 6 7 |  7.0
Unarmed Combat | 7 8 |  8.5

Action                   |  1- 3 |  4- 6 |  7- 9 | 10-12 || total
-------------------------+-------+-------+-------+-------++-------
Melee: Unarmed           |    79 |    92 |   247 |    89 ||   507
       Kick              |    12 |    18 |    28 |     5 ||    63
       Punch             |     2 |     1 |     6 |     2 ||    11
       Headbutt          |     7 |     8 |    17 |     4 ||    36
       Bite              |     2 |     6 |    17 |     4 ||    29
 Cast: Beastly Appendage |    15 |     9 |    10 |     2 ||    36
       Spider Form       |       |     2 |     6 |     2 ||    10
       Wereblood         |       |     1 |       |     2 ||     3
       Ice Form          |       |       |     4 |     1 ||     5
 Abil: End Transformatio |       |       |     1 |     2 ||     3
Evoke: Wand              |       |       |    11 |     3 ||    14
  Use: Scroll            |     2 |       |     6 |     4 ||    12
       Potion            |       |       |     1 |     2 ||     3
 Stab: Sleeping          |     1 |     1 |     9 |     1 ||    12
Armor: Robe              |    16 |    11 |    42 |       ||    69
       Skin              |       |       |     6 |    10 ||    16
       Troll leather arm |       |       |       |    37 ||    37
Dodge: Dodged            |    43 |    67 |   142 |    57 ||   309
